 Dungeon Crawl Stone Soup version 0.17-a0-1763-g847a857 (webtiles) character file.

158 Rationalist the Shield-Bearer (level 5, -1/42 HPs)
             Began as a Formicid Fighter on Sept 5, 2015.
             Killed by divine providence
             ... invoked by an orc priest
              (12 damage)
             ... on level 3 of the Dungeon.
             The game lasted 00:03:05 (2372 turns).

Rationalist the Shield-Bearer (Formicid Fighter)    Turns: 2372, Time: 00:03:05

Health: -1/42      AC:  7    Str: 20    XL:     5   Next: 66%
Magic:  5/5        EV:  8    Int:  8    God:
Gold:   118        SH:  9    Dex: 11    Spells: 0 memorised, 4 levels left

rFire  . . .     SeeInvis +     r - +3 hand axe
rCold  + . .     Clarity  .     b - +0 scale mail
rNeg   . . .     SustAt   .     c - +0 shield
rPois  .         Gourm    .     (helmet unavailable)
rElec  .         Spirit   .     (no cloak)
rCorr  .         Warding  .     (no gloves)
rMut   .         Stasis   +     (no boots)
MR     .....                    (no amulet)
Stlth  ..........               (no ring)
                                o - ring of protection from cold

@: not resistant to hostile enchantments, extremely unstealthy
A: permanent stasis, dig shafts and tunnels, four strong arms, antennae 3
a: Dig, Shaft Self


You were on level 3 of the Dungeon.
You were not hungry.

You visited 1 branch of the dungeon, and saw 3 of its levels.

You collected 118 gold pieces.

Inventory:

Hand weapons
 a - a +0 war axe
 r - a +3 hand axe (weapon)
Missiles
 g - 62 poisoned needles
 i - 6 needles of slowing
Armour
 b - a +0 scale mail (worn)
 c - a +0 shield (worn)
Jewellery
 o - a ring of protection from cold (left hand)
 q - an uncursed ring of positive energy {unknown}
Scrolls
 f - a scroll of identify {unknown}
 h - a scroll of magic mapping {unknown}
 l - a scroll of blinking {unknown}
 m - a scroll of enchant armour {unknown}
Potions
 d - 3 potions of might
 j - 2 potions of heal wounds {unknown}
 n - a potion of flight {unknown}
Comestibles
 e - 4 bread rations
 k - 7 fruits
 p - a meat ration


   Skills:
 + Level 4.1 Fighting
 + Level 3.1 Axes
 + Level 4.1 Armour
 + Level 1.5 Dodging
 + Level 4.5 Shields


You had 4 spell levels left.
You didn't know any spells.

Dungeon Overview and Level Annotations

Branches:
Dungeon (3/15)

Altars:
Elyvilon


Innate Abilities, Weirdness & Mutations

You are under a permanent stasis effect.
You can dig through walls and to a lower floor.
Your four strong arms can wield two-handed weapons with a shield.
You have a pair of large antennae on your head (SInv).


Message History

You block the giant newt's attack.
You hit the giant newt.
You kill the giant newt!
An orc priest comes into view. It is wielding a club.
The orc priest shouts!
The orc priest calls down the wrath of Beogh upon you.
Something smites you!
The orc priest miscasts a cantrip.
An orc comes into view. It is wielding a hand axe.
The orc shouts!
The orc priest invokes the aid of Beogh against you.
Pain shoots through your body!
You see here 11 gold pieces.
You now have 118 gold pieces (gained 11).
The orc priest calls down the wrath of Beogh upon you.
Pain shoots through your body!
* * * LOW HITPOINT WARNING * * *
The orc priest calls down the wrath of Beogh upon you.
Something smites you!
You die...

#....#
###....##
#.......#
#.......#
#.###.......#
#..........##
######.....#
#...##.#
#..@oo#.#
#...##.##
##[## {# #.#
{ #.# #.# #.#
#.#


You could see an orc priest and an orc.

Vanquished Creatures
  An orc priest (D:3)
  A gnoll (D:1)
  4 adders
  An ooze (D:3)
  2 worms (D:2)
  4 orcs (D:3)
  2 giant cockroaches
  9 goblins
  4 hobgoblins
  7 kobolds
  2 quokkas (D:2)
  12 bats
  5 giant newts
  9 rats
63 creatures vanquished.

Notes
Turn   | Place    | Note
--------------------------------------------------------------
     0 | D:1      | Rationalist the Formicid Fighter began the quest for the Orb.
     0 | D:1      | Reached XP level 1. HP: 18/18 MP: 1/1
    75 | D:1      | Reached XP level 2. HP: 22/24 MP: 2/2
   391 | D:1      | Reached skill level 4 in Shields
   410 | D:1      | Reached XP level 3. HP: 15/29 MP: 3/3
   859 | D:2      | Found a white marble altar of Elyvilon.
   974 | D:2      | Reached skill level 1 in Dodging
   983 | D:2      | Reached XP level 4. HP: 35/37 MP: 4/4
  1969 | D:3      | Reached XP level 5. HP: 30/42 MP: 5/5
  2372 | D:3      | Killed from afar by an orc priest

Vault maps used:
D:1:      matt_arrival_refuge
D:2:      lemuel_crystal_altar, first_bread

Action                   |  1- 3 |  4- 6 || total
-------------------------+-------+-------++-------
Melee: War axe           |   110 |   105 ||   215
       Hand axe          |       |    42 ||    42
  Eat: Chunk             |       |     5 ||     5
